 Dungeon Crawl Stone Soup version 0.22-a0-402-ga933591907 (webtiles) character file.

49 Chiseanne the Magician (level 3, -1/24 HPs)
             Began as a Demonspawn Wizard on May 7, 2018.
             Killed by divine providence
             ... invoked by an orc priest
              (13 damage)
             ... on level 2 of the Dungeon.
             The game lasted 00:04:24 (1911 turns).

Chiseanne the Magician (Demonspawn Wizard)          Turns: 1911, Time: 00:04:25

Health: -1/24      AC:  3    Str:  7    XL:     3   Next: 53%
Magic:  1/8        EV: 12    Int: 20    God:
Gold:   80         SH:  0    Dex: 11    Spells: 0/9 levels left

rFire    . . .     SeeInvis .   q - +0 short sword
rCold    . . .     Gourm    .   (no shield)
rNeg     . . .     Faith    .   a - +0 robe
rPois    .         Spirit   .   p - +0 helmet
rElec    .         Reflect  .   (no cloak)
rCorr    .         Harm     .   (no gloves)
MR       .....                  (no boots)
Stlth    ++........             (no amulet)
HPRegen  0.08/turn              (no ring)
MPRegen  0.11/turn              (no ring)

@: very slightly contaminated
A: talons 1
a: no special abilities


You were on level 2 of the Dungeon.
You were hungry.

You visited 1 branch of the dungeon, and saw 2 of its levels.

You collected 80 gold pieces.

Inventory:

Hand Weapons
 q - a +0 short sword (weapon)
Missiles
 c - 114 stones (quivered)
 i - 22 bolts
 j - 42 arrows
Armour
 a - a +0 robe (worn)
 b - a +0 hat
 p - a +0 helmet (worn)
Scrolls
 e - 2 scrolls of teleportation {unknown}
 h - 3 scrolls of remove curse {unknown}
 k - a scroll of noise {unknown}
 m - a scroll of identify {unknown}
 n - a scroll of enchant weapon {unknown}
 o - a scroll of fear {unknown}
Potions
 g - a potion of invisibility {unknown}
 l - a potion of berserk rage {unknown}
Comestibles
 d - 3 rations


   Skills:
 + Level 2.2 Dodging
 - Level 1.7 Stealth
 * Level 3.5 Spellcasting
 * Level 2.2 Conjurations
   Level 1.0 Summonings
 - Level 0.8 Translocations


You couldn't memorise any spells.
You knew the following spells:

 Your Spells              Type           Power        Failure   Level  Hunger
a - Magic Dart            Conj           ##..         5%          1    None
b - Mephitic Cloud        Conj/Pois/Air  #.......     30%         3    ###....
c - Blink                 Tloc           N/A          14%         2    ##.....
d - Conjure Flame         Conj/Fire      #.......     26%         3    ###....


Dungeon Overview and Level Annotations

Branches:
Dungeon (2/15)

Altars:


Innate Abilities, Weirdness & Mutations

You have sharp toenails.


Message History

Ouch! That really hurt!
Casting: Magic Dart (safe; 5% risk of failure)
Confirm with . or Enter, or press ? or * to list all spells.
Aiming: Magic Dart (safe; 5% risk of failure)
Press: ? - help, Shift-Dir - straight line, f/p - orc priest
Aim: an orc priest, wielding a dagger (severely wounded)
The magic dart hits the orc priest.
The orc priest is severely wounded.
Casting: Magic Dart (safe; 5% risk of failure)
Confirm with . or Enter, or press ? or * to list all spells.
Aiming: Magic Dart (safe; 5% risk of failure)
Press: ? - help, Shift-Dir - straight line, f/p - orc priest
Aim: an orc priest, wielding a dagger (severely wounded)
You miscast Magic Dart.
You are very lightly contaminated with residual magic.
Nothing appears to happen.
The orc priest invokes the aid of Beogh against you.
Beogh smites you!
Ouch! That really hurt!
You die...

....# ##.#.##
.##.###.....########
. #.......#.......<#
#..##.....######.#
#.)#####.## #w# #..#
#.# #.# ...## #.#
#.# #[#.#
##.#######.## ###.#
#..o).o.@...# ..
#.#########..# #.
#........ #.# #.
#..≈...≈. .#
......ooo .#
......o.. .
.......o..
.#..≈...S.
..#........


You could see an orc priest and an orc.

Vanquished Creatures
  A worm (D:2)
  3 dart slugs (D:1)
  3 leopard geckos (D:1)
  An orc (D:2)
  2 bats (D:1)
  3 giant cockroaches (D:1)
  3 goblins
  3 hobgoblins (D:1)
  5 jackals (D:1)
  A ball python (D:1)
  3 frilled lizards (D:1)
  2 kobolds (D:1)
  5 rats (D:1)
35 creatures vanquished.

Notes
Turn   | Place    | Note
-------+----------+-------------------------------------------
     0 | D:1      | Chiseanne the Demonspawn Wizard began the quest for the Orb.
     0 | D:1      | Reached XP level 1. HP: 13/13 MP: 4/4
   294 | D:1      | Gained mutation: You have sharp toenails. [demonic ancestry]
   294 | D:1      | Reached XP level 2. HP: 19/19 MP: 1/6
   991 | D:1      | Reached XP level 3. HP: 24/24 MP: 2/7
  1713 | D:1      | Learned a level 3 spell: Mephitic Cloud
  1716 | D:1      | Learned a level 2 spell: Blink
  1720 | D:1      | Learned a level 3 spell: Conjure Flame
  1911 | D:2      | Killed from afar by an orc priest

Vault maps used:
D:1:      minmay_arrival_cross, hangedman_decor_opposing, minmay_close_crescents
D:2:      cheibrodos_pilgrimage, first_ration, minmay_octomino_e4

Skill      XL: |  1  2 |
---------------+-------+-----
Dodging        | 2 |  2.2
Conjurations   | 2 |  2.2
Stealth        | |  1.7
Spellcasting   | |  3.5
Summonings     | |  1.0
Translocations | |  0.8

Action                   || total
-------------------------++-------
Melee: Dagger            ||    65
       Kick              ||     6
 Cast: Magic Dart        ||    89
  Use: Potion            ||     1
  Eat: Chunk             ||     2
Armor: Robe              ||    23
Dodge: Dodged            ||    77

Table legend:
 A = Spawn XP
 B = Non-spawn XP
 C = Spawn XP percentage of total XP
 D = Spawn monster count
 E = Non-spawn monster count
 F = Spawn count percentage of total count
 G = Total turns spent on level
                    A         B        C        D         E        F      G
               +---------+---------+-------+---------+---------+-------+---------
         Total |       0 |      71 |   0.0 |       0 |      35 |   0.0 |  1911
               +---------+---------+-------+---------+---------+-------+---------
           D:1 |       0 |      61 |   0.0 |       0 |      32 |   0.0 |  1692
           D:2 |       0 |      10 |   0.0 |       0 |       3 |   0.0 |   219
               +---------+---------+-------+---------+---------+-------+---------
